 Dungeon Crawl Stone Soup version 0.16.1-4-g8e1b745 (console) character file.

37 gw the Ducker (level 3, -1/21 HPs)
             Began as a Deep Elf Artificer on Mar 27, 2015.
             Slain by a kobold
             ... wielding a +0 dagger
              (3 damage)
             ... on level 2 of the Dungeon.
             The game lasted 00:01:40 (1969 turns).

gw the Ducker (Deep Elf Artificer)                  Turns: 1969, Time: 00:01:40

Health: -1/21      AC:  4    Str:  8    XL:     3   Next: 21%
Magic:  7/7        EV: 13    Int: 16    God:
Gold:   106        SH:  0    Dex: 16    Spells: 0 memorised, 2 levels left

rFire  . . .     SeeInvis .     a - +0 short sword
rCold  . . .     Clarity  .     e - +0 leather armour
rNeg   . . .     SustAb   .     (no shield)
rPois  .         Gourm    .     (no helmet)
rElec  .         Spirit   .     (no cloak)
rCorr  .         Warding  .     h - +0 pair of gloves
rMut   .         Stasis   .     (no boots)
MR     .....                    (no amulet)
Stlth  ++........               (no ring)
                                (no ring)

@: not resistant to hostile enchantments, unstealthy
A: no striking features
a: no special abilities


You were on level 2 of the Dungeon.
You were hungry.

You visited 1 branch of the dungeon, and saw 2 of its levels.

You collected 106 gold pieces.

Inventory:

Hand weapons
 a - a +0 short sword (weapon)
Armour
 e - a +0 leather armour (worn)
 h - a +0 pair of gloves (worn)
Magical devices
 b - a wand of flame (10)
 c - a wand of enslavement (11)
 d - a wand of random effects (12)
Comestibles
 f - a bread ration
 g - a chunk of flesh


   Skills:
 + Level 2.0 Fighting
 - Level 1.0 Short Blades
 + Level 3.3 Dodging
 - Level 1.2 Stealth
 - Level 3.2 Evocations


You had 2 spell levels left.
You didn't know any spells.

Dungeon Overview and Level Annotations

Branches:
Dungeon (2/15)

Altars:


Message History

ATTACKING (0,1)
You hit the kobold but do no damage. The kobold hits you but does no damage.
Your worm completely misses the kobold.
Unknown command.
Unknown command.
Unknown command.
Unknown command.
ATTACKING (0,1)
You hit the kobold.
The kobold is almost dead.
The kobold closely misses you.
Your worm misses the kobold.
Unknown command.
Unknown command.
Unknown command.
Unknown command.
ATTACKING (0,1)
You barely miss the kobold.
The kobold is almost dead.
The kobold hits you with a dagger.
You die...

..# ..# ... #.# # ...
.... #. #.# ...#
...#.# ...# #.#..#)#
...# ...#..#e# ...#
......#K####...####
.........w...........
###.>......K.........
.........##......#.#.
###.#.#..##..<##.#
#......##...# #
#.#.#.####### #.#.#.#


You could see a kobold and a friendly worm.

Table legend:
 A = Turns spent in this place as a percentage of turns spent in the entire game.
 B = Non-inter-level travel turns spent in this place as a percentage of non-inter-level travel turns spent in the entire game.
 C = Inter-level travel turns spent in this place as a percentage of turns spent in this place.
 D = Turns resting spent in this place as a percentage of non-inter-level travel turns spent in this place.
 E = Turns spent auto-exploring this place as a percentage of non-inter-level travel turns spent in this place.
 F = Non-inter-level travel turns spent in this place divided by the number of levels of this place that you've seen.
                   A       B       C       D       E      F
               +-------+-------+-------+-------+-------+----------------------
         Total | 100.0 | 100.0 |   0.2 |   2.0 |   2.0 | 1171.0
       Dungeon | 100.0 | 100.0 |   0.2 |   2.0 |   2.0 | 1171.0
               +-------+-------+-------+-------+-------+----------------------

Table legend:
 A = Kills in this place as a percentage of kills in entire the game.
 B = Kills by you in this place as a percentage of kills by you in the entire game.
 C = Kills by friends in this place as a percentage of kills by friends in the entire game.
 D = Other kills in this place as a percentage of other kills in the entire game.
 E = Experience gained in this place as a percentage of experience gained in the entire game.
 F = Experience gained in this place divided by the number of levels of this place that you have seen.
                   A       B       C       D       E      F
               +-------+-------+-------+-------+-------+----------------------
         Total | 100.0 | 100.0 | 100.0 | 100.0 | 100.0 |  26.5
       Dungeon | 100.0 | 100.0 | 100.0 | 100.0 | 100.0 |  26.5
               +-------+-------+-------+-------+-------+----------------------

Vanquished Creatures
  An ooze (D:1)
  3 bats (D:1)
  3 giant cockroaches (D:1)
  2 hobgoblins
  3 jackals (D:1)
  6 kobolds
  A quokka (D:2)
  7 goblins
  3 rats
29 creatures vanquished.

Vanquished Creatures (collateral kills)
  2 hobgoblins (D:2)
2 creatures vanquished.

Vanquished Creatures (others)
  A hobgoblin (D:1)
  4 toadstools (D:1)
5 creatures vanquished.

Grand Total: 36 creatures vanquished

Notes
Turn   | Place    | Note
--------------------------------------------------------------
     0 | D:1      | gw, the Deep Elf Artificer, began the quest for the Orb.
     0 | D:1      | Reached XP level 1. HP: 11/11 MP: 2/2
    23 | D:1      | Reached skill level 1 in Fighting
   202 | D:1      | Reached XP level 2. HP: 9/16 MP: 5/5
  1545 | D:1      | Reached XP level 3. HP: 19/21 MP: 7/7
  1969 | D:2      | Slain by a kobold

Action                   || total
-------------------------++-------
Melee: Short sword       ||   132
Evoke: Wand              ||    12
  Use: Scroll            ||     1
  Eat: Chunk             ||     3

Vault maps used:
D:1:      ldierk_walled_garden_2, hangedman_decor_opposing, minmay_cut_off
D:2:      first_bread, minmay_misc_feat_columns
